Map: Dusk Towers

Players

Happy

  • Race: Terran Terran
  • League: Diamond

Bomber - Winner!

  • Race: Terran Terran

Event: DreamHack ROCCAT LotV Championship

VOD

Have the link to the VOD?

Description

Time

  • Played on: Nov. 26, 2015, 12:42 p.m.
  • Length: 18:23

All games in this series

Show
View Real Time Build Order
Export as new Build Order

Happy Terran 

Build Orders: Reaper Expand, Bio Tank 

Get SALT Encoding   

  12  0:00  SCV  
  13  0:13  SCV  
  14  0:17  Supply Depot  
  14  0:25  SCV  
  15  0:38  SCV  
  15  0:39  Barracks  
  16  0:43  Refinery  
  16  0:50  SCV  
  17  1:02  SCV  
  18  1:15  SCV  
  19  1:26  Reaper  
  19  1:27  Orbital Command  
  20  1:42  Command Center  
  20  1:52  SCV, Refinery  
  21  1:58  Reaper  
  22  2:03  Supply Depot  
  22  2:04  SCV  
  22  2:17  SCV  
  23  2:27  Factory  
  22  2:37  SCV  
  22  2:39  Barracks Reactor  
  23  2:50  SCV  
  24  3:07  Orbital Command  
  23  3:19  SCV  
  24  3:23  Starport  
  24  3:28  Hellion x2  
  24  3:31  SCV  
  29  3:36  SCV  
  29  3:43  SCV  
  29  3:47  Command Center  
  30  3:49  SCV  
  30  3:50  Hellion  
  30  3:51  Hellion  
  35  3:55  SCV  
  35  4:01  Viking  
  38  4:03  SCV  
  38  4:06  Barracks Tech Lab  
  38  4:08  SCV  
  40  4:13  Hellion x2  
  44  4:17  Supply Depot  
  44  4:18  SCV  
  44  4:22  SCV  
  46  4:29  Supply Depot  
  46  4:34  Supply Depot  
  46  4:38  SCV x2, Raven  
  46  4:40  Marine x2  
  52  4:46  Factory Tech Lab, Refinery  
  52  4:51  SCV  
  52  5:00  SCV  
  52  5:03  Orbital Command  
  52  5:05  SCV  
  54  5:08  Siege Tank, Marine x2  
  54  5:13  SCV  
  60  5:18  SCV  
  60  5:19  Supply Depot  
  61  5:22  Barracks  
  61  5:24  Barracks  
  61  5:26  SCV  
  62  5:30  SCV x2  
  62  5:31  Marine  
  62  5:32  Marine  
  66  5:35  Starport Reactor  
  66  5:40  Siege Tank, Orbital Command  
  66  5:41  SCV  
  66  5:42  SCV  
  70  5:46  Refinery  
  69  5:53  SCV  
  69  5:54  Marine x2  
  69  5:55  SCV  
  73  5:58  Engineering Bay  
  73  5:59  Supply Depot  
  73  6:05  SCV  
  73  6:06  SCV  
  73  6:07  SCV  
  76  6:11  Supply Depot, Barracks Tech Lab  
  76  6:13  Medivac x2  
  76  6:17  SCV, Siege Tank  
  76  6:18  SCV  
  85  6:19  SCV  
  85  6:22  Stimpack  
  85  6:24  Terran Infantry Weapons Level 1  
  86  6:29  Combat Shields, SCV  
  86  6:30  SCV  
  86  6:31  SCV  
  89  6:33  Refinery, Marine x3  
  89  6:39  Supply Depot  
  92  6:41  SCV  
  92  6:42  Barracks  
  92  6:46  Barracks, Marine  
  93  6:50  Marine  
  93  6:51  Marine x2  
  97  6:54  Siege Tank  
  97  6:58  Medivac  
  97  7:00  SCV  
  103  7:03  SCV  
  103  7:04  SCV, Marine  
  104  7:08  Refinery, Marine x2  
  104  7:09  Marine  
  104  7:11  Medivac  
  104  7:12  SCV  
  110  7:15  SCV  
  110  7:20  Supply Depot  
  110  7:21  Factory  
  110  7:22  Marine  
  110  7:26  Marine  
  110  7:28  Marine, Medivac  
  110  7:29  Siege Tank  
  117  7:34  SCV x2, Marine  
  117  7:35  SCV  
  115  7:37  Sensor Tower  
  115  7:39  Barracks Reactor x2  
  115  7:41  Supply Depot  
  114  7:46  SCV x2, Marine x2  
  118  7:52  Marine x2  
  118  7:53  Medivac  
  118  7:56  SCV  
  123  7:58  SCV  
  123  7:59  Supply Depot, SCV  
  123  8:00  Missile Turret  
  123  8:01  Siege Tank  
  123  8:04  Factory, Marine  
  123  8:05  Marine  
  129  8:06  Factory Tech Lab  
  129  8:08  Medivac  
  129  8:10  Marine  
  133  8:16  Marine x3  
  133  8:19  Terran Infantry Armor Level 1  
  136  8:20  Missile Turret  
  136  8:22  Missile Turret  
  136  8:23  Marine  
  137  8:27  Supply Depot  
  137  8:29  Missile Turret  
  137  8:31  Marine x2  
  137  8:33  Armory, Marine x2  
  137  8:34  Engineering Bay  
  141  8:38  Marine  
  141  8:39  Marine  
  99  8:55  Marine  
  99  8:56  Marine x2  
  99  8:57  Marine  
  99  8:59  Marine x2  
  99  9:01  Medivac x2  
  101  9:06  Marine  
  101  9:08  Marine  
  101  9:09  Factory Tech Lab, Siege Tank  
  91  9:13  Marine  
  91  9:14  Marine x2  
  91  9:15  Marine  
  91  9:17  Marine  
  78  9:24  Marine x2  
  78  9:26  Marine  
  78  9:27  Orbital Command  
  80  9:31  SCV x2, Medivac, Marine x2  
  80  9:32  Marine  
  80  9:33  Marine  
  80  9:34  Refinery, Marine  
  86  9:41  Siege Tank  
  86  9:42  Marine x2  
  86  9:44  Marine  
  91  9:46  SCV x2  
  91  9:49  Marine, Orbital Command  
  91  9:52  Supply Depot, Terran Infantry Weapons Level 2  
  94  9:57  Marine x2  
  94  9:58  Marine x2  
  98  10:06  SCV  
  99  10:08  SCV, Factory  
  99  10:10  Marine  
  101  10:15  SCV  
  101  10:18  SCV  
  101  10:20  SCV  
  101  10:21  Siege Tank, Marine  
  107  10:23  Marine x2  
  107  10:24  Marine  
  107  10:27  SCV  
  112  10:30  SCV  
  112  10:31  Barracks, Marine x2  
  112  10:32  Marine  
  116  10:36  Terran Infantry Armor Level 2  
  116  10:40  Marine x2  
  116  10:42  SCV, Medivac x2  
  123  10:43  SCV  
  123  10:44  SCV  
  123  10:49  Refinery  
  125  10:50  Supply Depot  
  125  10:51  Supply Depot  
  125  10:52  Marine  
  125  10:53  Marine x3  
  125  10:54  SCV, Marine x2  
  132  10:57  Marine  
  132  10:59  Marine  
  134  11:04  Factory Tech Lab  
  134  11:06  SCV x2  
  134  11:08  Sensor Tower  
  134  11:10  Marine  
  134  11:11  Marine x3  
  139  11:12  Marine x2  
  139  11:14  Terran Vehicle Weapons Level 1  
  139  11:15  Marine  
  139  11:17  Marine  
  144  11:19  Missile Turret  
  144  11:21  Marine  
  144  11:23  Sensor Tower, Missile Turret  
  145  11:26  Siege Tank  
  145  11:28  Siege Tank, Marine  
  145  11:29  Marine  
  154  11:34  Marine x2  
  154  11:36  Marine  
  157  11:40  Marine  
  157  11:41  Supply Depot  
  157  11:44  Supply Depot  
  157  11:45  Marine  
  157  11:46  Supply Depot  
  157  11:52  Marine  
  157  11:57  Marine  
  157  12:02  Marine x5  
  157  12:03  Siege Tank  
  157  12:06  Siege Tank  
  137  12:23  Marine  
  137  12:24  Marine x3  
  137  12:28  Marine x2  
  137  12:29  Marine x2  
  130  12:32  Marine  
  134  12:37  Command Center  
  134  12:38  Siege Tank  
  134  12:40  Terran Infantry Weapons Level 3  
  134  12:41  Marine  
  134  12:42  Marine x3  
  138  12:46  Marine  
  138  12:47  Marine x2  
  139  12:59  Terran Infantry Armor Level 3  
  139  13:10  Siege Tank, Marine x2  
  141  13:17  Marine  
  141  13:18  Marine x2  
  141  13:19  Siege Tank  
  147  13:23  Marine x3  
  150  13:30  Marine  
  150  13:33  Missile Turret  
  151  13:39  Terran Vehicle Weapons Level 2  
  151  13:40  Marine x2  
  151  13:41  Marine  
  153  13:45  Marine x2  
  155  13:49  Marine x2  
  155  13:50  Marine  
  158  13:56  Marine  
  158  13:58  Marine x2  
  161  14:05  Siege Tank  
  161  14:07  Marine  
  161  14:08  Marine x3  
  168  14:14  Medivac x2  
  168  14:15  Marine x2  
  172  14:21  Marine  
  173  14:28  Planetary Fortress  
  173  14:31  SCV x2  
  173  14:32  SCV  
  135  15:13  Marine x2  
  119  15:15  Marine x2  
  119  15:19  Marine x2  
  119  15:20  Marine  
  120  15:22  Marine  
  120  15:27  Marine  
  120  15:31  Marine x2  
  120  15:33  Marine  
  113  15:36  Marine  
  113  15:37  Marine  
  113  15:40  Marine x2  
  113  15:41  Marine  
  113  15:42  Siege Tank x2  
  120  15:43  Medivac x2  
  120  15:44  Marine  
  120  15:48  Marine x2  
  121  15:51  Marine  
  121  15:54  Marine  
  121  15:55  Marine  
  121  15:57  Orbital Command  
  121  15:58  Marine x2  
  121  15:59  Marine  
  121  16:02  Marine  
  122  16:06  Marine x2  
  122  16:09  Marine  
  122  16:12  Marine x2  
  122  16:13  Medivac  
  122  16:14  Siege Tank x2  
  122  16:16  Marine x2  
  122  16:17  Marine  
  135  16:20  Marine  
  135  16:23  SCV  
  135  16:24  Marine  
  138  16:28  Marine x2  
  138  16:30  Marine  
  141  16:33  Marine x2  
  141  16:39  Supply Depot  
  141  17:03  Siege Tank, Marine x5  
  141  17:08  Marine  
  150  17:11  Marine x3  
  153  17:21  Marine x5  
  157  17:26  Marine  
  157  17:28  Marine x2  
  157  17:29  Marine  
  142  17:38  Marine x2  
  142  17:39  Siege Tank  
  142  17:41  Marine x2  
  142  17:42  Marine  
  142  17:43  Marine  
  149  17:50  Marine  
  149  17:51  Marine  
  151  17:55  Marine  
  151  17:56  Orbital Command  
Show
View Real Time Build Order
Export as new Build Order

Bomber Terran - Winner!

Build Orders: Reaper Expand, Bio Tank 

Get SALT Encoding   

  12  0:01  SCV  
  13  0:13  SCV  
  14  0:17  Supply Depot  
  14  0:25  SCV  
  15  0:38  SCV  
  15  0:40  Barracks  
  16  0:44  Refinery  
  16  0:51  SCV  
  17  1:03  SCV  
  18  1:15  SCV  
  19  1:27  Orbital Command  
  19  1:28  Reaper  
  20  1:39  Command Center  
  20  1:51  Supply Depot  
  20  1:54  SCV  
  21  2:05  Factory  
  21  2:06  SCV  
  21  2:08  Marine  
  23  2:17  Refinery  
  23  2:18  SCV  
  24  2:25  Marine  
  25  2:30  SCV  
  25  2:42  SCV  
  25  2:43  Marine  
  27  2:49  Hellion  
  29  2:57  Orbital Command  
  29  2:58  SCV, Starport  
  30  3:01  Marine  
  30  3:11  Hellion  
  31  3:23  SCV  
  31  3:24  SCV  
  33  3:31  Barracks Tech Lab  
  33  3:32  Hellion  
  35  3:35  SCV  
  35  3:36  SCV  
  35  3:39  Medivac  
  39  3:46  Supply Depot  
  39  3:47  SCV, Barracks  
  40  3:48  SCV  
  40  3:54  Stimpack  
  41  3:56  Factory Reactor  
  41  4:00  SCV x2  
  41  4:01  Engineering Bay  
  43  4:09  Supply Depot  
  43  4:11  Marine  
  43  4:12  SCV x2  
  46  4:24  SCV, Refinery  
  47  4:25  SCV  
  47  4:27  Barracks  
  47  4:31  Marine  
  49  4:36  SCV  
  49  4:37  SCV  
  53  4:40  Supply Depot, Refinery, Factory Tech Lab  
  53  4:41  Marine x2  
  53  4:42  Viking  
  55  4:45  Terran Infantry Weapons Level 1  
  55  4:48  SCV  
  55  4:49  SCV  
  57  4:58  Marauder  
  59  5:00  SCV  
  59  5:01  SCV  
  59  5:02  Marine x2  
  59  5:03  Siege Tank  
  66  5:12  SCV  
  66  5:13  SCV  
  66  5:14  Barracks  
  68  5:17  Supply Depot  
  68  5:19  Barracks Reactor  
  70  5:21  Starport Reactor  
  70  5:25  Supply Depot  
  70  5:26  SCV  
  70  5:27  SCV  
  69  5:38  SCV  
  70  5:47  Siege Tank, Marine x3  
  70  5:48  Supply Depot x2  
  76  5:53  Command Center  
  78  5:57  Supply Depot  
  78  5:58  Marine x2  
  78  6:00  Medivac x2  
  78  6:02  Barracks Reactor  
  82  6:05  SCV  
  82  6:06  SCV  
  82  6:07  Marine x2  
  82  6:09  Marine  
  87  6:13  Combat Shields  
  87  6:16  Supply Depot  
  87  6:18  Marine x2  
  89  6:22  Siege Tank  
  92  6:27  Marine x3  
  95  6:33  Supply Depot  
  95  6:34  Supply Depot, Medivac  
  95  6:36  Medivac  
  95  6:39  Marine x2  
  100  6:40  Marine  
  100  6:43  Marine  
  103  6:49  Supply Depot, Marine x2  
  103  6:53  Marine  
  106  6:57  Marine x2  
  107  7:02  Marine x2  
  107  7:06  Siege Tank  
  107  7:07  Terran Infantry Armor Level 1, Marine x2  
  114  7:09  Orbital Command  
  114  7:11  Marine  
  114  7:15  Marine  
  115  7:16  Marine  
  115  7:19  Marine  
  115  7:20  Marine  
  119  7:25  Marine x2  
  119  7:29  Marine  
  120  7:30  Medivac  
  120  7:31  Medivac  
  120  7:33  Marine  
  120  7:34  Marine  
  122  7:37  Marine x2  
  122  7:38  Siege Tank  
  122  7:43  Marine x2  
  129  7:47  Marine  
  129  7:49  Orbital Command  
  129  7:51  Marine x2  
  130  7:55  Marine  
  133  7:58  SCV x2  
  133  8:00  Armory  
  133  8:01  Supply Depot  
  133  8:04  Marine x2  
  133  8:05  Marine  
  138  8:08  Factory  
  138  8:11  Marine x3  
  144  8:12  Siege Tank  
  144  8:13  Marine  
  144  8:16  SCV  
  144  8:18  SCV x2  
  148  8:23  Marine x3  
  151  8:28  Marine  
  151  8:32  Marine  
  151  8:33  Marine  
  154  8:37  SCV x3  
  154  8:39  Refinery  
  157  8:43  Marine x3  
  157  8:45  Marine  
  157  8:46  Marine  
  143  8:50  Marine x2  
  136  8:59  SCV x2  
  136  9:00  Marine  
  136  9:01  Marine x2  
  136  9:02  Marine  
  142  9:03  SCV, Terran Infantry Weapons Level 2  
  142  9:04  Marine  
  142  9:05  Terran Vehicle Weapons Level 1  
  142  9:08  Marine x2  
  134  9:18  Marine  
  134  9:19  Marine x2  
  134  9:20  Marine  
  134  9:21  SCV  
  134  9:22  SCV, Marine  
  137  9:24  Refinery  
  137  9:25  Supply Depot  
  137  9:26  Supply Depot, Marine x2  
  133  9:36  Marine  
  133  9:37  Marine  
  123  9:39  Barracks  
  123  9:41  Barracks  
  123  9:43  Siege Tank  
  123  9:44  Command Center  
  123  9:45  Medivac x2  
  127  9:46  Marine x3  
  127  9:47  Marine  
  127  9:48  SCV  
  127  9:50  SCV  
  127  9:51  SCV  
  134  9:53  Barracks Reactor  
  134  9:55  Marine x2  
  134  9:57  Siege Tank  
  139  10:03  Marine  
  139  10:05  Sensor Tower, Marine x3  
  143  10:15  Marine x2, Siege Tank, Medivac x2  
  152  10:21  Marine  
  152  10:22  Marine  
  152  10:23  Marine x2  
  152  10:27  Sensor Tower  
  156  10:29  Siege Tank, Marine x2  
  156  10:30  Barracks Reactor  
  156  10:31  Barracks Reactor  
  161  10:37  Marine  
  161  10:38  Marine  
  161  10:39  Marine  
  161  10:40  Marine x2  
  161  10:41  Marine  
  167  10:47  Siege Tank, Marine x2  
  172  10:55  Marine x2  
  174  10:57  Marine  
  174  10:58  Marine x3  
  178  11:05  Marine x2  
  178  11:07  Barracks x2  
  178  11:10  Marine x4  
  184  11:13  Terran Vehicle Weapons Level 2, Marine x2  
  184  11:15  Marine  
  184  11:16  Marine  
  184  11:18  Siege Tank  
  191  11:19  Terran Infantry Armor Level 2  
  191  11:22  Marine x2  
  191  11:23  Marine x2  
  191  11:25  Supply Depot  
  195  11:29  Marine  
  195  11:32  Missile Turret  
  196  11:41  Factory  
  196  11:46  Marine x4  
  200  11:55  Marine  
  200  11:56  Missile Turret  
  200  11:57  Missile Turret  
  200  11:58  Missile Turret  
  200  12:01  Command Center  
  200  12:10  Sensor Tower  
  200  12:17  Missile Turret  
  200  12:20  Missile Turret x2, Marine x8  
  200  12:21  Marine x4  
  139  12:30  Siege Tank  
  139  12:31  Siege Tank  
  139  12:34  Barracks Reactor  
  139  12:35  Barracks Reactor, Factory Tech Lab  
  143  12:38  Planetary Fortress, Marine x3  
  146  12:48  Marine x9  
  153  13:00  Marine x3  
  153  13:02  Viking x2, Siege Tank  
  153  13:03  Siege Tank  
  166  13:09  Siege Tank  
  169  13:17  Planetary Fortress  
  167  13:24  Marine x2  
  167  13:25  Marine  
  167  13:26  Marine  
  167  13:27  Marine x4  
  171  13:28  Marine  
  171  13:30  Marine  
  177  13:34  Siege Tank  
  177  13:35  Siege Tank  
  177  13:40  Terran Infantry Weapons Level 3  
  183  13:47  Siege Tank  
  183  13:48  Orbital Command  
  186  13:57  Terran Vehicle Weapons Level 3  
  186  14:06  Siege Tank  
  186  14:07  Marine x2  
  186  14:08  Marine x4  
  195  14:10  Marine x2  
  195  14:13  Medivac  
  199  14:32  Refinery, Sensor Tower  
  199  14:33  Refinery  
  199  14:39  Command Center  
  193  15:03  Marine x2  
  193  15:04  Marine  
  193  15:05  Marine x6  
  193  15:06  Siege Tank x2  
  184  15:08  Siege Tank, Medivac  
  184  15:09  Medivac  
  184  15:11  Marine  
  184  15:12  Marine x6  
  177  15:21  Marine x3  
  177  15:22  Marine  
  177  15:23  Marine x5  
  171  15:29  Marine  
  171  15:30  Marine x6  
  178  15:38  Siege Tank  
  178  15:39  Marine x3  
  178  15:40  Marine x2  
  173  15:44  Marine x2  
  173  15:45  Marine x2  
  173  15:48  Marine  
  173  15:49  Marine x2  
  176  15:53  Marine  
  176  15:54  Marine x3  
  177  15:57  Marine x3  
  176  16:05  Marine x3  
  176  16:07  Siege Tank x2, Marine  
  176  16:08  Marine x2  
  176  16:10  Siege Tank  
  190  16:12  Medivac x2  
  190  16:14  Marine x2  
  190  16:16  Marine x4  
  185  16:21  Marine x2  
  185  16:22  Marine  
  185  16:24  Marine x3  
  191  16:38  Marine x3  
  191  16:39  Siege Tank  
  197  16:54  Marine x2  
  199  17:16  Planetary Fortress  
  182  17:31  Marine  
  182  17:34  Marine x14  
  182  17:35  Siege Tank x2, Marine  
  186  17:45  Siege Tank  
  186  17:49  Marine  
  190  17:51  Marine  
  190  17:52  Marine x9  
  190  17:57  Marine  
  197  17:58  Marine x3  
  197  17:59  Refinery  
  167  18:21  Command Center  

Tags
 
Add a new tag
Caveats
  • Supply blocks, unpowered buildings, or Contaminate may cause inaccurate times.
  • Supply counts are checked every 10 seconds.